AoeStats
← 185双开门

Fortress

507693560Analyzed
4v4 RM · 13d ago on Sep 19, 2026· 38m 15s· 8 players
Game mode
Random Map
Map size
Huge
Population
200
Speed
Normal
Resources
Standard
Victory
Conquest
Starting age
Dark Age
Ending age
Imperial Age
RankedLock teamsTeams togetherTeam positionsShared explorationLock speedFull tech treeHidden civsTurbo modeCheats
Victory
Defeat
🇨🇳 Persians · China
1594
+12
🇨🇳 Japanese · China
1523
+14
🇨🇳 Saracens · China
1508
+15
🇨🇳 Turks · China
1424
+19
🇳🇱 Bengalis · Netherlands
1511
-16
1511
-16
🇹🇼 Huns · Taiwan
1485
-15
🇬🇧 Britons · United Kingdom
1449
-13
murphykuang0205
8:23 Feudal Age
9:07 Double-Bit Axe
12:08 Castle Age
10:34 Horse Collar
13:10 Bow Saw
17:04 Wheelbarrow
18:36 Heavy Plow
19:16 Hand Cart
20:28 Gold Mining
25:04 Imperial Age
22:30 Loom
22:31 Town Watch
23:17 Husbandry
23:27 Bloodlines
24:01 Gold Shaft Mining
24:10 Scale Barding Armor
24:15 Forging
24:10 Marauders
25:12 Chain Barding Armor
26:23 Iron Casting
25:10 Elite Tarkan
27:46 Plate Barding Armor
29:10 Blast Furnace
28:49 Conscription
Lishen
7:12 Feudal Age
10:59 Castle Age
9:55 Horse Collar
10:11 Double-Bit Axe
12:05 Loom
13:31 Bow Saw
19:31 Wheelbarrow
18:45 Town Watch
22:36 Hand Cart
23:37 Town Patrol
24:34 Heavy Plow
27:53 Imperial Age
25:32 Fletching
25:59 Padded Archer Armor
27:03 Ballistics
26:23 Pikeman
27:40 Fortified Wall
28:01 Forging
29:20 Squires
29:16 Bodkin Arrow
29:58 Iron Casting
29:10 Halberdier
30:43 Conscription
30:25 Scale Mail Armor
35:51 Blast Furnace
37:45 Arson
sdk
0:29 Loom
5:39 Feudal Age
6:04 Horse Collar
6:10 Double-Bit Axe
14:22 Castle Age
12:53 Town Watch
13:59 Wheelbarrow
15:15 Bow Saw
17:51 Loom
19:40 Fletching
20:41 Heavy Plow
20:50 Bodkin Arrow
21:54 Paiks
22:09 Padded Archer Armor
24:34 Forging
24:54 Hand Cart
27:02 Iron Casting
26:42 Leather Archer Armor
26:37 Gold Mining
30:02 Imperial Age
27:57 Gold Mining
27:58 Stone Mining
29:26 Leather Archer Armor
31:01 Ballistics
30:48 Elite Ratha (Ranged)
32:48 Blast Furnace
33:52 Bracer
34:54 Chemistry
35:40 Ring Archer Armor
36:04 Bloodlines
35:55 Husbandry
37:14 Masonry
安师大高级王罗宇晨
7:51 Feudal Age
8:52 Double-Bit Axe
11:35 Castle Age
10:01 Horse Collar
12:53 Heavy Plow
18:31 Wheelbarrow
18:39 Wheelbarrow
18:28 Bow Saw
20:25 Loom
22:25 Hand Cart
22:41 Gold Mining
23:01 Stone Mining
24:17 Scale Barding Armor
27:18 Imperial Age
24:55 Husbandry
25:11 Corvinian Army
25:41 Bloodlines
24:51 Light Cavalry
25:19 Town Watch
26:11 Gold Shaft Mining
28:49 Conscription
27:51 Hussar
28:53 Chain Barding Armor
29:22 Elite Magyar Huszar
31:16 Plate Barding Armor
给你一棒槌
8:00 Feudal Age
11:41 Castle Age
9:41 Double-Bit Axe
10:31 Horse Collar
12:49 Bow Saw
20:40 Wheelbarrow
19:51 Loom
20:49 Stone Mining
21:04 Gold Mining
21:47 Heavy Plow
22:39 Hand Cart
22:10 Town Watch
23:22 Gold Shaft Mining
26:43 Imperial Age
24:43 Forging
24:18 Treadmill Crane
25:02 Scale Barding Armor
25:29 Husbandry
25:39 Bloodlines
26:39 Iron Casting
27:00 Chain Barding Armor
27:08 Caravan
26:48 Elite Mameluke
27:49 Conscription
28:39 Chemistry
28:26 Coinage
29:09 Blast Furnace
29:34 Plate Barding Armor
32:08 Fortified Wall
32:04 Siege Engineers
32:04 Capped Ram
33:55 Siege Ram
35:52 Banking
185双开门
8:21 Feudal Age
10:03 Double-Bit Axe
10:00 Horse Collar
10:29 Gold Mining
13:00 Castle Age
13:16 Castle Age
14:41 Bow Saw
15:25 Wheelbarrow
15:52 Heavy Plow
20:26 Imperial Age
17:43 Loom
19:34 Padded Archer Armor
21:23 Hand Cart
22:47 Leather Archer Armor
23:03 Stone Mining
25:00 Town Watch
26:28 Conscription
30:39 Ring Archer Armor
31:15 Fletching
33:31 Artillery
33:53 Sipahi
35:38 Two-Man Saw
35:40 Gold Shaft Mining
35:18 Caravan
35:47 Thumb Ring
36:07 Parthian Tactics
35:39 Bodkin Arrow
37:25 Bracer
37:49 Bombard Tower
38:38 Ballistics
38:22 Husbandry
38:32 Bloodlines
shenxu
7:44 Feudal Age
8:39 Double-Bit Axe
11:29 Castle Age
9:29 Horse Collar
12:10 Bow Saw
12:46 Wheelbarrow
20:22 Hand Cart
21:38 Loom
21:38 Town Watch
25:23 Imperial Age
22:48 Stone Mining
22:51 Gold Mining
23:21 Heavy Plow
24:15 Scale Barding Armor
24:48 Gold Shaft Mining
24:49 Stone Shaft Mining
25:39 Husbandry
25:50 Bloodlines
26:01 Chain Barding Armor
25:17 Elite War Elephant
26:21 Conscription
27:26 Two-Man Saw
27:44 Plate Barding Armor
27:59 Forging
31:49 Fletching
37:13 Caravan
雀巢阿帆
7:46 Feudal Age
9:21 Loom
11:47 Castle Age
9:40 Horse Collar
10:58 Double-Bit Axe
13:24 Bow Saw
19:43 Heavy Plow
21:48 Wheelbarrow
25:35 Imperial Age
23:23 Guard Tower
23:37 Stone Mining
24:13 Yasama
24:38 Ballistics
24:00 Treadmill Crane
24:47 Fletching
24:58 Padded Archer Armor
25:05 Thumb Ring
25:49 Gold Mining
26:16 Hand Cart
26:38 Bodkin Arrow
26:59 Leather Archer Armor
28:06 Gold Shaft Mining
28:08 Parthian Tactics
28:47 Conscription
28:56 Bloodlines
28:46 Husbandry
29:38 Heavy Cavalry Archer
30:26 Scale Mail Armor
30:33 Squires
30:13 Pikeman
32:04 Chemistry
32:25 Halberdier
33:34 Kataparuto
34:07 Chain Mail Armor
34:02 Forging
33:53 Bracer
Connection lost

Rejoining the realm…

Still unreachable

The connection could not be restored.

Session expired

The server has moved on; the page needs a fresh start.